AA NE
PORTLAND SEA DOGS @ ERIE SEAWOLVES
07/02/2030
 
TOP OF THE 1ST
Portland Sea Dogs batting - Pitching for Erie SeaWolves : RHP Ben Gunning
Pitching: RHP Ben Gunning
Batting: LHB Jose Pesquera 0-0: Called Strike
0-1: Foul Ball, location: 3F
0-2: Foul Ball, location: 2F
0-2: Strikes out swinging
Batting: RHB Kelvin Diaz 0-0: Foul Ball, location: 5F
0-1: Ball
1-1: SINGLE (Line Drive, 9LS, EV 108.8 MPH)
Batting: RHB David Pacheco 0-0: Ball
Kelvin Diaz steals 2nd base
1-0: Ball
2-0: Foul Ball, location: 2F
2-1: Called Strike
2-2: Strikes out swinging
Batting: LHB Cesar Avalos 0-0: Called Strike
0-1: Ball
1-1: Ball
2-1: Foul Ball, location: 2F
2-2: Foul Ball, location: 3F
2-2: Fly out, F7 (Flyball, 78D, EV 103.1 MPH)
Top of the 1st over - 0 runs, 1 hit, 0 errors, 1 left on base; Portland 0 - Erie 0
BOTTOM OF THE 1ST
Erie SeaWolves batting - Pitching for Portland Sea Dogs : RHP Orlando Pineiro
Pitching: RHP Orlando Pineiro
Batting: LHB Alek Thomas 0-0: Foul Ball, location: 2F
0-1: Foul Ball, location: 3SF
0-2: Foul Ball, location: 7LMF
0-2: Strikes out looking
Batting: RHB Eddie Perez 0-0: Ball
1-0: Foul Ball, location: 9LMF
1-1: Swinging Strike
1-2: Ball
2-2: Ball
3-2: Foul Ball, location: 2F
3-2: Foul Ball, location: 2F
3-2: Fly out, F8 (Flyball, 8LM, EV 88.8 MPH)
Batting: RHB Mike Lopez 0-0: Ball
1-0: Ball
2-0: Foul Ball, location: 2LF
2-1: Ball
3-1: Base on Balls
Batting: SHB Abraham Toro 0-0: Called Strike
0-1: Foul Ball, location: 2F
0-2: Ball
1-2: Fly out, F6 (Popup, 4MS, EV 58.8 MPH)
Bottom of the 1st over - 0 runs, 0 hits, 0 errors, 1 left on base; Portland 0 - Erie 0
TOP OF THE 2ND
Portland Sea Dogs batting - Pitching for Erie SeaWolves : RHP Ben Gunning
Batting: RHB Lyonell James 0-0: Ball
1-0: Ground out 6-3 (Groundball, 6S, EV 67.5 MPH)
Batting: RHB Malik Franks 0-0: DOUBLE (Flyball, 8LXD, EV 109.4 MPH)
Batting: SHB Tim Morton 0-0: Ball
1-0: SINGLE (Groundball, 6MD, EV 103.8 MPH)
Malik Franks to third
Runner from 3rd tries for Home, SAFE, throw by CF to home
Batting: RHB Wade LeBlanc Jr. 0-0: Foul Ball, location: 7LMFF
0-1: Ball
1-1: Ball
2-1: Fly out, F4 (Popup, 4, EV 80.0 MPH)
Batting: SHB Oscar de Lara 0-0: Fly out, F7 (Line Drive, 78M, EV 99.4 MPH)
Top of the 2nd over - 1 run, 2 hits, 0 errors, 1 left on base; Portland 1 - Erie 0
BOTTOM OF THE 2ND
Erie SeaWolves batting - Pitching for Portland Sea Dogs : RHP Orlando Pineiro
Batting: LHB Andres Maldonado 0-0: Ground out 5-3 (Groundball, 56, EV 83.1 MPH)
Batting: SHB Dan Ramirez 0-0: Swinging Strike
0-1: Ball
1-1: SINGLE (Groundball, 4D, EV 95.6 MPH)
Batting: LHB Danny Vecino 0-0: Ball
1-0: Called Strike
1-1: Ball
2-1: Ball
3-1: Fly out, F6 (Popup, 6M, EV 60.0 MPH)
Batting: RHB Mike Hehner 0-0: Ball
1-0: Foul Ball, location: 9LMF
1-1: Ball
2-1: Fly out, F9 (Line Drive, 9S, EV 94.4 MPH)
Bottom of the 2nd over - 0 runs, 1 hit, 0 errors, 1 left on base; Portland 1 - Erie 0
TOP OF THE 3RD
Portland Sea Dogs batting - Pitching for Erie SeaWolves : RHP Ben Gunning
Batting: LHB Jose Pesquera 0-0: Called Strike
0-1: Hit by Pitch
Batting: RHB Kelvin Diaz 0-0: Called Strike
0-1: Ball
1-1: Ball
2-1: Ball
3-1: Base on Balls
Jose Pesquera to second
Batting: RHB David Pacheco 0-0: Foul Ball, location: 2F
0-1: DOUBLE (Line Drive, 7LM, EV 102.5 MPH)
Jose Pesquera scores
Kelvin Diaz to third
Batting: LHB Cesar Avalos 0-0: Ball
1-0: Foul Ball, location: 3SF
1-1: Ball
2-1: Ball
3-1: Base on Balls
Batting: RHB Lyonell James 0-0: Foul Ball, location: 9LDF
0-1: SINGLE (Line Drive, 4M, EV 102.5 MPH)
Kelvin Diaz scores
David Pacheco to third
Cesar Avalos to second
Batting: RHB Malik Franks 0-0: Called Strike
0-1: Ball
1-1: Ball
2-1: Ball
3-1: Swinging Strike
3-2: Strikes out looking
Batting: SHB Tim Morton 0-0: Called Strike
0-1: Grounds into double play, 4-6-3 (Groundball, 4D, EV 100.0 MPH)
Top of the 3rd over - 2 runs, 2 hits, 0 errors, 2 left on base; Portland 3 - Erie 0
BOTTOM OF THE 3RD
Erie SeaWolves batting - Pitching for Portland Sea Dogs : RHP Orlando Pineiro
Batting: RHB Dashawn Rush 0-0: Ball
1-0: Swinging Strike
1-1: Fly out, F6 (Line Drive, 6, EV 56.9 MPH)
Batting: LHB Alek Thomas 0-0: Ball
1-0: Called Strike
1-1: TRIPLE (Line Drive, 89XD, EV 98.8 MPH)
Batting: RHB Eddie Perez 0-0: Ball
1-0: Foul Ball, location: 2F
1-1: Ball
2-1: Ball
3-1: Called Strike
3-2: Foul Ball, location: 9LDF
3-2: Foul Ball, location: 2F
3-2: Foul Ball, location: 2F
3-2: Ground out 6-3 (Groundball, P, EV 88.1 MPH)
Alek Thomas scores
Batting: RHB Mike Lopez 0-0: Called Strike
0-1: Fly out, F9 (Flyball, 89S, EV 93.1 MPH)
Bottom of the 3rd over - 1 run, 1 hit, 0 errors, 0 left on base; Portland 3 - Erie 1
TOP OF THE 4TH
Portland Sea Dogs batting - Pitching for Erie SeaWolves : RHP Ben Gunning
Batting: RHB Wade LeBlanc Jr. 0-0: Ball
1-0: Ball
2-0: Ball
3-0: Called Strike
3-1: Swinging Strike
3-2: Ground out 5-3 (Groundball, 56, EV 84.4 MPH)
Batting: SHB Oscar de Lara 0-0: Fly out, F7 (Flyball, 7D, EV 98.8 MPH)
Batting: LHB Jose Pesquera 0-0: Ground out 1-3 (Groundball, 15S, EV 61.9 MPH)
Top of the 4th over - 0 runs, 0 hits, 0 errors, 0 left on base; Portland 3 - Erie 1
BOTTOM OF THE 4TH
Erie SeaWolves batting - Pitching for Portland Sea Dogs : RHP Orlando Pineiro
Batting: SHB Abraham Toro 0-0: Foul Ball, location: 23FF
0-1: Ball
1-1: SOLO HOME RUN (Flyball, 8LXD, EV 113.8 MPH), Distance : 449 ft
Batting: LHB Andres Maldonado 0-0: Swinging Strike
0-1: Ball
1-1: Ball
2-1: Foul Ball, location: 5DF
2-2: Strikes out swinging
Batting: SHB Dan Ramirez 0-0: Ball
1-0: Swinging Strike
1-1: Swinging Strike
1-2: Foul Ball, location: 5DF
1-2: Ball
2-2: Ball
3-2: Strikes out looking
Batting: LHB Danny Vecino 0-0: Ball
1-0: Ball
2-0: Foul Ball, location: 2F
2-1: Fly out, F2 (Popup, 2LF, EV 93.1 MPH)
Bottom of the 4th over - 1 run, 1 hit, 0 errors, 0 left on base; Portland 3 - Erie 2
TOP OF THE 5TH
Portland Sea Dogs batting - Pitching for Erie SeaWolves : RHP Ben Gunning
Batting: RHB Kelvin Diaz 0-0: Ball
1-0: Ball
2-0: Ball
3-0: Base on Balls
Batting: RHB David Pacheco 0-0: Called Strike
0-1: Ball
1-1: Swinging Strike
1-2: DOUBLE (Line Drive, 8LXD, EV 106.9 MPH)
Kelvin Diaz to third
Batting: LHB Cesar Avalos 0-0: Foul Ball, location: 2F
0-1: Ball
1-1: Ball
2-1: Ball
3-1: Called Strike
3-2: DOUBLE (Flyball, 89D, EV 91.9 MPH)
Kelvin Diaz scores
David Pacheco scores
Pitching: LHP Dirkjan Westers
Batting: RHB Lyonell James 0-0: Called Strike
0-1: Ball
1-1: Hit by Pitch
Batting: RHB Malik Franks 0-0: Called Strike
0-1: Swinging Strike
0-2: Strikes out swinging
Batting: SHB Tim Morton 0-0: Ball
1-0: Swinging Strike
1-1: Ball
2-1: Foul Ball, location: 2F
2-2: Foul Ball, location: 9LDF
2-2: Grounds into double play, 4-6-3 (Groundball, 4, EV 80.6 MPH)
Top of the 5th over - 2 runs, 2 hits, 0 errors, 1 left on base; Portland 5 - Erie 2
BOTTOM OF THE 5TH
Erie SeaWolves batting - Pitching for Portland Sea Dogs : RHP Orlando Pineiro
Batting: RHB Mike Hehner 0-0: Foul Ball, location: 7LMF
0-1: Fly out, F9 (Flyball, 89S, EV 83.8 MPH)
Batting: RHB Dashawn Rush 0-0: Ball
1-0: Swinging Strike
1-1: DOUBLE (Flyball, 7LD, EV 102.5 MPH)
Batting: LHB Alek Thomas 0-0: Called Strike
0-1: SINGLE (Groundball, 34D, EV 96.3 MPH)
Dashawn Rush to third
Batting: RHB Eddie Perez 0-0: Called Strike
0-1: Fielders Choice at 2nd, 4-6 (Groundball, 4, EV 86.9 MPH)
Dashawn Rush scores
Batting: RHB Mike Lopez 0-0: Ball
1-0: Called Strike
1-1: Ball
2-1: Swinging Strike
2-2: Ball
3-2: Foul Ball, location: 9LMF
3-2: Ground out 5-3 (Groundball, 5S, EV 75.0 MPH)
Bottom of the 5th over - 1 run, 2 hits, 0 errors, 1 left on base; Portland 5 - Erie 3
TOP OF THE 6TH
Portland Sea Dogs batting - Pitching for Erie SeaWolves : LHP Dirkjan Westers
Batting: RHB Wade LeBlanc Jr. 0-0: Ball
1-0: Hit by Pitch
Batting: SHB Oscar de Lara 0-0: Ball
1-0: Swinging Strike
1-1: Ball
2-1: Ball
3-1: Base on Balls
Wade LeBlanc Jr. to second
Batting: LHB Jose Pesquera 0-0: Called Strike
0-1: Ball
1-1: Foul Ball, location: 2F
1-2: Strikes out looking
Batting: RHB Kelvin Diaz 0-0: Called Strike
0-1: Foul Ball, location: 2F
0-2: Ball
1-2: Strikes out looking
Batting: RHB David Pacheco 0-0: Foul Ball, location: 2F
0-1: Fly out, F9 (Flyball, 9LM, EV 89.4 MPH)
Top of the 6th over - 0 runs, 0 hits, 0 errors, 2 left on base; Portland 5 - Erie 3
BOTTOM OF THE 6TH
Erie SeaWolves batting - Pitching for Portland Sea Dogs : RHP Orlando Pineiro
Batting: SHB Abraham Toro 0-0: Ball
1-0: Ball
2-0: Ball
3-0: Base on Balls
Batting: LHB Andres Maldonado 0-0: Foul Ball, location: 3F
0-1: Called Strike
0-2: Fly out, F8 (Flyball, 78M, EV 85.0 MPH)
Batting: SHB Dan Ramirez 0-0: Ball
1-0: Fly out, F9 (Line Drive, 9, EV 94.4 MPH)
Batting: LHB Danny Vecino 0-0: Ball
1-0: Ball
2-0: Swinging Strike
2-1: Ball
3-1: Base on Balls
Abraham Toro to second
Batting: RHB Mike Hehner 0-0: Ball
1-0: Fielders Choice at 2nd, 6-4 (Groundball, 6, EV 86.3 MPH)
Bottom of the 6th over - 0 runs, 0 hits, 0 errors, 2 left on base; Portland 5 - Erie 3
TOP OF THE 7TH
Portland Sea Dogs batting - Pitching for Erie SeaWolves : LHP Dirkjan Westers
Pitching: LHP Bobby Kluth
Batting: LHB Cesar Avalos 0-0: Called Strike
0-1: Ball
1-1: Swinging Strike
1-2: Foul Ball, location: 7LDF
1-2: Strikes out looking
Batting: RHB Lyonell James 0-0: Called Strike
0-1: Ball
1-1: Foul Ball, location: 2F
1-2: Fly out, F2 (Popup, 2RF, EV 86.3 MPH)
Batting: RHB Malik Franks 0-0: Called Strike
0-1: Foul Ball, location: 23F
0-2: Strikes out swinging
Top of the 7th over - 0 runs, 0 hits, 0 errors, 0 left on base; Portland 5 - Erie 3
BOTTOM OF THE 7TH
Erie SeaWolves batting - Pitching for Portland Sea Dogs : RHP Orlando Pineiro
Pitching: RHP Butch Spaude
Batting: RHB Dashawn Rush 0-0: Fly out, F9 (Flyball, 9, EV 92.5 MPH)
Batting: LHB Alek Thomas 0-0: Foul Ball, location: 2F
0-1: Ball
1-1: Ball
2-1: Called Strike
2-2: Strikes out swinging
Batting: RHB Eddie Perez 0-0: Foul Ball, location: 2F
0-1: Foul Ball, location: 5FF
0-2: Strikes out swinging
Bottom of the 7th over - 0 runs, 0 hits, 0 errors, 0 left on base; Portland 5 - Erie 3
TOP OF THE 8TH
Portland Sea Dogs batting - Pitching for Erie SeaWolves : LHP Bobby Kluth
Batting: SHB Tim Morton 0-0: Ball
1-0: SINGLE (Groundball, 34D, EV 96.3 MPH)
Batting: RHB Wade LeBlanc Jr. 0-0: Ball
1-0: Ball
2-0: Ball
3-0: Called Strike
3-1: Foul Ball, location: 7LMF
3-2: Base on Balls
Tim Morton to second
Batting: SHB Oscar de Lara 0-0: Ball
1-0: Ball
2-0: Ball
3-0: Base on Balls
Tim Morton to third
Wade LeBlanc Jr. to second
Batting: LHB Jose Pesquera 0-0: Called Strike
0-1: Ball
1-1: Swinging Strike
1-2: Ball
2-2: Ball
3-2: Base on Balls
Tim Morton scores
Wade LeBlanc Jr. to third
Oscar de Lara to second
Pitching: LHP Trayson Sitkiewicz
Batting: RHB Kelvin Diaz 0-0: Fly out, F7 (Line Drive, 7LM, EV 104.4 MPH)
Runner from 3rd tags up, SCORES, throw by LF
Batting: RHB David Pacheco 0-0: Ball
1-0: Foul Ball, location: 2F
1-1: Ball
2-1: Ball
3-1: Called Strike
3-2: 3-RUN HOME RUN (Flyball, 7D, EV 100.0 MPH), Distance : 378 ft
Batting: LHB Cesar Avalos 0-0: Swinging Strike
0-1: Ball
1-1: Ground out 4-3 (Groundball, 34, EV 101.9 MPH)
Batting: RHB Lyonell James 0-0: Ball
1-0: Swinging Strike
1-1: Ball
2-1: Ball
3-1: Base on Balls
Batting: RHB Malik Franks 0-0: Ball
1-0: SINGLE (Groundball, 6MD, EV 96.3 MPH)
Lyonell James to second
Batting: SHB Tim Morton 0-0: Called Strike
0-1: Foul Ball, location: 5DF
0-2: Foul Ball, location: 9LSF
0-2: Foul Ball, location: 25F
0-2: Ball
1-2: Strikes out swinging
Top of the 8th over - 5 runs, 3 hits, 0 errors, 2 left on base; Portland 10 - Erie 3
BOTTOM OF THE 8TH
Erie SeaWolves batting - Pitching for Portland Sea Dogs : RHP Butch Spaude
Batting: RHB Mike Lopez 0-0: Ball
1-0: Foul Ball, location: 2RF
1-1: Swinging Strike
1-2: Ball
2-2: Strikes out swinging
Batting: SHB Abraham Toro 0-0: Foul Ball, location: 2F
0-1: Ball
1-1: Ground out U3 (Groundball, 34S, EV 81.9 MPH)
Batting: LHB Andres Maldonado 0-0: Ball
1-0: Called Strike
1-1: Fly out, F8 (Flyball, 78M, EV 81.3 MPH)
Bottom of the 8th over - 0 runs, 0 hits, 0 errors, 0 left on base; Portland 10 - Erie 3
TOP OF THE 9TH
Portland Sea Dogs batting - Pitching for Erie SeaWolves : LHP Trayson Sitkiewicz
Batting: RHB Wade LeBlanc Jr. 0-0: Called Strike
0-1: Ball
1-1: Ball
2-1: Swinging Strike
2-2: Ball
3-2: Ground out 4-3 (Groundball, 4D, EV 91.3 MPH)
Batting: SHB Oscar de Lara 0-0: Called Strike
0-1: Ball
1-1: Swinging Strike
1-2: Ball
2-2: Strikes out swinging
Batting: LHB Jose Pesquera 0-0: Swinging Strike
0-1: Foul Ball, location: 7LSFF
0-2: Ball
1-2: Ball
2-2: Fly out, F7 (Flyball, 78M, EV 98.8 MPH)
Top of the 9th over - 0 runs, 0 hits, 0 errors, 0 left on base; Portland 10 - Erie 3
BOTTOM OF THE 9TH
Erie SeaWolves batting - Pitching for Portland Sea Dogs : RHP Butch Spaude
Batting: SHB Dan Ramirez 0-0: Called Strike
0-1: Ball
1-1: Ball
2-1: Ball
3-1: Foul Ball, location: 9LMF
3-2: Ground out 4-3 (Groundball, 4S, EV 69.4 MPH)
Pinch Hitting: LHB Danny Soto 0-0: Ball
1-0: SINGLE (Line Drive, 9LM, EV 102.5 MPH)
Pinch Hitting: RHB Tony Soto 0-0: Ball
1-0: Called Strike
1-1: Grounds into double play, 3-6-1 (Groundball, 34S, EV 90.6 MPH)
Bottom of the 9th over - 0 runs, 1 hit, 0 errors, 0 left on base; Portland 10 - Erie 3
Wednesday, March 27th , 2024 - OOTP Baseball 24.7 Build 72